 Dungeon Crawl Stone Soup version 0.17.0-28-g6e173f8 (console) character file.

613 Kloppie the Conjurer (level 7, -2/41 HPs)
             Began as a Deep Elf Conjurer on Nov 22, 2015.
             Slain by Ohli's ghost (12 damage)
             ... on level 5 of the Dungeon.
             The game lasted 00:11:52 (4025 turns).

Kloppie the Conjurer (Deep Elf Conjurer)            Turns: 4025, Time: 00:11:52

Health: -2/41      AC: 10    Str:  6    XL:     7   Next: 20%
Magic:  6/13       EV:  8    Int: 21    God:
Gold:   142        SH:  0    Dex: 15    Spells: 3 memorised, 3 levels left

rFire  . . .     SeeInvis .     A - +2 spear (venom)
rCold  . . .     Clarity  .     y - +3 leather armour
rNeg   . . .     SustAt   .     (no shield)
rPois  .         Gourm    .     p - +2 helmet
rElec  .         Spirit   .     q - +0 cloak
rCorr  .         Warding  .     (no gloves)
rMut   .         Stasis   .     (no boots)
MR     .....                    (no amulet)
Stlth  ++........               (no ring)
                                (no ring)

@: not resistant to hostile enchantments, unstealthy
A: no striking features
a: no special abilities


You were on level 5 of the Dungeon.
You were not hungry.

You visited 1 branch of the dungeon, and saw 5 of its levels.

You collected 142 gold pieces.

Inventory:

Hand Weapons
 i - a +0 dagger
 s - a +0 short sword
 A - a +2 spear of venom (weapon)
Missiles
 w - 17 poisoned needles
Armour
 a - a +0 robe
 p - a +2 helmet (worn)
 q - a +0 cloak (worn)
 y - a +3 leather armour (worn)
Jewellery
 l - an uncursed ring of ice
Wands
 B - a wand of random effects (15)
Scrolls
 e - 3 scrolls of enchant armour {unknown}
 f - 2 scrolls of blinking {unknown}
 j - 3 scrolls of identify {unknown}
 k - 2 scrolls of remove curse {unknown}
 x - a scroll of fear {unknown}
Potions
 h - a potion of cancellation {unknown}
 m - 2 potions of heal wounds {unknown}
 n - 2 potions of cure mutation {unknown}
 o - a potion of poison {unknown}
 r - a potion of curing {unknown}
 t - a potion of degeneration {unknown}
 v - 2 potions of resistance {unknown}
Books
 b - a book of Conjurations

   Spells                             Type                      Level
   a - Magic Dart                     Conjuration                  1
   b - Searing Ray                    Conjuration                  2
   c - Dazzling Spray                 Conjuration/Hexes            3
   d - Fulminant Prism                Conjuration/Hexes            4
   e - Iskenderun's Mystic Blast      Conjuration                  4
   f - Iskenderun's Battlesphere      Conjuration/Charms           5
 u - a book of the Earth

   Spells                             Type                      Level
   a - Leda's Liquefaction            Hexes/Earth                  4
   b - Bolt of Magma                  Conjuration/Fire/Earth       5
   c - Statue Form                    Transmutation/Earth          6
   d - Iron Shot                      Conjuration/Earth            6
   e - Shatter                        Earth                        9
Comestibles
 c - 4 bread rations
 d - 2 meat rations
 g - 2 fruits
 z - 2 beef jerkies


   Skills:
 - Level 3.0 Fighting
 + Level 4.1 Dodging
 - Level 2.4 Stealth
 - Level 3.0 Spellcasting
 + Level 6.8 Conjurations
 + Level 4.6 Hexes


You had 3 spell levels left.
You knew the following spells:

 Your Spells              Type           Power        Failure   Level  Hunger
a - Magic Dart            Conj           ####         1%          1    None
b - Fulminant Prism       Conj/Hex       ####......   24%         4    ####...
c - Iskenderun's Mystic   Conj           ####....     14%         4    ####...


Dungeon Overview and Level Annotations

Branches:
Dungeon (5/15)
 Temple: D:4-7

Altars:
Ashenzari
Fedhas
Qazlal
Zin

Shops:
D:4 *

Annotations:
D:5 Ohli's ghost, novice HOFi


Message History

The centaur is almost dead.
Ohli's ghost hits you but does no damage.
The centaur closely misses you.
Casting: Magic Dart
Confirm with . or Enter, or press ? or * to list all spells.
Aiming: Magic Dart
Press: ? - help, Shift-Dir - straight line, f/p - centaur
Aim: a centaur (almost dead)
The magic dart hits the centaur.
You kill the centaur!
Your Dodging skill increases to level 4!
Ohli's ghost misses you.
Things that are here:
a shortbow; 30 arrows Ohli's ghost hits you!
* * * LOW HITPOINT WARNING * * *
Ohli's ghost says, "You must not succeed where I failed!"
There is a stone staircase leading up here.
Ohli's ghost hits you!
You die...

#...........#.........#.#
#...
#...........#..#......#.#
#...
#...........#..######.#.#
#... #...........#..#
#.#.# #.(.
#...........#..# #.#.#
#...
#...........#..######.#.
#...
######.######.......#.#.
#... #.#######.####.#.#.
##... #.†..()...#@W..#.#.
#.... ################.#.
#.###
#.)......#.#####.#†.
#)########........†. #.#
#..###.##†. #.# #..#
#.##.. #.# #..# #.##..
#.# #..# #.##.. #.# #..#
#.##..


You could see Ohli's ghost.

Vanquished Creatures
  A phantom (D:5)
  2 centaurs (D:5)
  A giant frog skeleton (D:4)
  An orc priest (D:3)
  A jelly (D:5)
  A quasit (D:5)
  2 worker ants
  A hound skeleton (D:4)
  3 gnolls (D:5)
  9 adders
  A giant gecko (D:4)
  8 orcs
  8 ball pythons (D:2)
  2 giant cockroaches
  10 goblins
  7 hobgoblins
  10 jackals
  A quokka (D:4)
  11 bats
  5 giant newts
  A jackal skeleton (D:5)
  3 kobolds
  3 rats (D:1)
92 creatures vanquished.

Notes
Turn   | Place    | Note
--------------------------------------------------------------
     0 | D:1      | Kloppie the Deep Elf Conjurer began the quest for the Orb.
     0 | D:1      | Reached XP level 1. HP: 10/10 MP: 6/6
   240 | D:1      | Reached XP level 2. HP: 16/16 MP: 8/8
   377 | D:1      | Reached skill level 1 in Fighting
   714 | D:1      | Reached skill level 5 in Conjurations
   864 | D:1      | Reached XP level 3. HP: 20/20 MP: 7/9
  1505 | D:2      | Reached XP level 4. HP: 22/26 MP: 3/10
  2104 | D:3      | Learned a level 4 spell: Fulminant Prism
  2109 | D:3      | Learned a level 4 spell: Iskenderun's Mystic Blast
  2212 | D:3      | Reached skill level 1 in Hexes
  2212 | D:3      | Reached XP level 5. HP: 31/31 MP: 5/11
  2464 | D:3      | Found a blossoming altar of Fedhas.
  2493 | D:3      | Found a stormy altar of Qazlal.
  2833 | D:4      | Found Deciut's General Store.
  2983 | D:4      | Noticed a phantom
  2983 | D:4      | Noticed a phantom
  3008 | D:5      | Entered Level 5 of the Dungeon
  3088 | D:3      | Reached skill level 6 in Conjurations
  3192 | D:5      | Reached XP level 6. HP: 28/37 MP: 6/12
  3366 | D:5      | Noticed a phantom
  3387 | D:5      | Killed a phantom
  3564 | D:5      | Noticed a centaur
  3574 | D:5      | Killed a centaur
  3778 | D:5      | Found a shattered altar of Ashenzari.
  3779 | D:5      | Found a glowing silver altar of Zin.
  3943 | D:5      | Noticed Ohli's ghost (novice HOFi)
  3948 | D:5      | Reached XP level 7. HP: 41/41 MP: 8/13
  3985 | D:5      | Noticed a centaur
  3991 | D:5      | Killed a centaur
  4025 | D:5      | Slain by Ohli's ghost

Action                   |  1- 3 |  4- 6 |  7- 9 || total
-------------------------+-------+-------+-------++-------
Melee: Dagger            |     5 |       |       ||     5
       Unarmed           |     1 |       |       ||     1
       Spear             |       |    17 |       ||    17
 Cast: Magic Dart        |    77 |   139 |    12 ||   228
       Iskenderun's Myst |       |       |     1 ||     1
  Eat: Chunk             |     2 |     7 |       ||     9
